 Dungeon Crawl Stone Soup version 0.28.0-53-g5a82cb258f (webtiles) character file.

Game seed: 13624998902511804206

414 mcbry74 the Skirmisher (level 6, -15/56 HPs)
             Began as a Minotaur Fighter on June 30, 2022.
             Was an Initiate of Trog.
             Demolished by an ogre
             ... wielding a +0 giant spiked club
              (20 damage)
             ... on level 4 of the Dungeon.
             The game lasted 00:09:18 (3527 turns).

mcbry74 the Skirmisher (Minotaur Fighter)           Turns: 3527, Time: 00:09:18

Health: -15/56     AC:  7    Str: 21    XL:     6   Next: 60%
Magic:  5/5        EV: 10    Int:  7    God:    Trog [......]
Gold:   212        SH:  4    Dex:  9    Spells: 5/5 levels left

rFire   . . .      SeeInvis .   a - +0 flail
rCold   . . .      Faith    .   c - +0 buckler
rNeg    . . .      Spirit   .   d - +1 leather armour "Aheozysihec" {rElec}
rPois   .          Reflect  .   (helmet restricted)
rElec   +          Harm     .   (no cloak)
rCorr   .          Rampage  .   (no gloves)
Will    .....                   k - +2 pair of boots
Stlth   +.........              (no amulet)
HPRegen 0.18/turn               (no ring)
MPRegen 0.09/turn               (no ring)

@: no status effects
A: horns 2, retaliatory headbutt
a: Renounce Religion


You were on level 4 of the Dungeon.
You worshipped Trog.
Trog was noncommittal.
You visited 2 branches of the dungeon, and saw 5 of its levels.

You collected 212 gold pieces.

Inventory:

Hand Weapons
 a - a +0 flail (weapon)
 e - a +3 hunting sling
Missiles
 g - 33 bolts
 l - 103 stones (quivered)
 n - 58 arrows
Armour
 b - a +0 scale mail
 c - a +0 buckler (worn)
 d - the +1 leather armour "Aheozysihec" (worn) {rElec}
   (You found it on level 4 of the Dungeon)

   rElec:     It insulates you from electricity.
 k - a +2 pair of boots (worn)
Jewellery
 o - an amulet of reflection
Wands
 r - a wand of flame (13)
Scrolls
 f - a scroll of summoning
 h - a scroll of teleportation
 j - a scroll of enchant armour
 q - a scroll of identify
 u - a scroll of enchant weapon {unknown}
Potions
 i - a potion of curing
 m - 2 potions of brilliance
 p - a potion of attraction {unknown}
 s - a potion of lignification {unknown}
 t - a potion of ambrosia {unknown}


   Skills:
 - Level 5.3 Fighting
 + Level 5.2 Maces & Flails
 - Level 5.3 Armour
 - Level 5.3 Shields


You had 5 spell levels left.
You didn't know any spells.
Your spell library was empty.

Dungeon Overview and Level Annotations

Branches:
Dungeon (4/15)             Temple (1/1) D:4

Altars:
Elyvilon
Makhleb
Okawaru
Qazlal
Ru
Sif Muna
Trog
Vehumet
Yredelemnul
Zin
Lugonu

Shops:
D:4 :


Innate Abilities, Weirdness & Mutations

You have a pair of horns on your head.
You reflexively headbutt those who attack you in melee.


Message History

You sock the orc!
You kill the orc!
Trog accepts your kill.
You start waiting.
Done waiting.
There is an open door here.
Things that are here:
a +0 hand axe; a +0 chain mail; an orc corpse An ogre comes into view.
It is wielding a +0 giant spiked club.
The ogre shouts!
Throw: 105 stones
Press: ? - help, Q - select action, (/) - cycle Shift-Dir - straight line, f - ogre
Aim: an ogre, wielding a +0 giant spiked club (72% to hit)
You throw a stone. The stone hits the ogre.
The ogre is lightly wounded.
Aiming: Throw Flame
Press: ? - help, Shift-Dir - straight line, f/p - ogre
Aim: an ogre, wielding a +0 giant spiked club (lightly wounded, 85% to hit)
The puff of flame hits the ogre!
The ogre is moderately wounded.
Throw: 104 stones
Press: ? - help, Q - select action, (/) - cycle Shift-Dir - straight line, f/p - ogre
Aim: an ogre, wielding a +0 giant spiked club (moderately wounded, 72% to hit)
You throw a stone.
The stone hits the ogre but does no damage.
The ogre is moderately wounded.
You barely miss the ogre. You headbutt the ogre.
The ogre is severely wounded.
The ogre hits you with a +0 giant spiked club!!
You hit the ogre but do no damage.
The ogre is severely wounded.
The ogre hits you with a +0 giant spiked club!
You hit the ogre.
The ogre is severely wounded.
The ogre hits you with a +0 giant spiked club!!
* * * LOW HITPOINT WARNING * * *
You barely miss the ogre.
The ogre is severely wounded.
The ogre hits you with a +0 giant spiked club!!
You die...

### #........<รท.....#
..#
#.........#####.#####.
#.#
#.........#####..(.(..
#.###..............#
#..##........#####.#
##)##........# #.#
#............# #.#
#............#####.#
#....)..........@O.#
###..#######.#######
##.## #.# #..# #.# #
##.## #.#
...##..#####.#
8..........#.#
o..........#.#
..o........#.#


You could see an ogre.

Vanquished Creatures
  Sigmund (D:4)
  A scorpion (D:4)
  Natasha (twice) (D:4)
  5 adders
  An ufetubus (D:4)
  An adder skeleton (D:4)
  3 worms
  3 dart slugs
  5 orcs
  6 ball pythons
  7 endoplasms
  A giant cockroach (D:2)
  7 goblins
  4 hobgoblins
  7 jackals
  7 quokkas
  3 bats
  3 frilled lizards (D:3)
  7 kobolds
  4 rats
78 creatures vanquished.

Notes
Turn   | Place    | Note
-------+----------+-------------------------------------------
     0 | D:1      | mcbry74 the Minotaur Fighter began the quest for the Orb.
     0 | D:1      | Reached XP level 1. HP: 19/19 MP: 0/0
   343 | D:1      | Reached XP level 2. HP: 27/27 MP: 1/1
   839 | D:2      | Reached XP level 3. HP: 33/33 MP: 2/2
  1522 | D:3      | Reached XP level 4. HP: 31/40 MP: 3/3
  1526 | D:3      | Found an iron altar of Okawaru.
  2131 | D:3      | Found a radiant altar of Vehumet.
  2315 | D:3      | Found a stormy altar of Qazlal.
  2560 | D:4      | Noticed a scorpion
  2567 | D:4      | Killed a scorpion
  2568 | D:4      | Reached XP level 5. HP: 33/47 MP: 4/4
  2853 | D:4      | Noticed Sigmund
  2883 | D:4      | Killed Sigmund
  2884 | D:4      | Reached skill level 5 in Fighting
  2884 | D:4      | Reached skill level 5 in Armour
  2884 | D:4      | Reached skill level 5 in Shields
  2884 | D:4      | Reached XP level 6. HP: 41/56 MP: 5/5
  3100 | D:4      | Found a staircase to the Ecumenical Temple.
  3108 | Temple   | Entered the Ecumenical Temple
  3153 | Temple   | Became a worshipper of Trog the Wrathful
  3188 | D:4      | Noticed Natasha
  3194 | D:4      | Killed Natasha
  3202 | D:4      | Identified the +1 leather armour "Aheozysihec" {rElec}
  3224 | D:4      | Noticed Natasha
  3239 | D:4      | Killed Natasha
  3240 | D:4      | Reached skill level 5 in Maces & Flails
  3326 | D:4      | Found Fostuipy's Book Shop.
  3360 | D:4      | Found a burning altar of Makhleb.
  3527 | D:4      | Demolished by an ogre

Illustrated notes

Levels and vault maps discovered:
D:1:      minmay_arrival_split_and_join, layout_basic, minmay_misc_feat_x
D:2:      layout_basic
D:3:      wad_pebble_path, layout_basic, mainiacjoe_overflow_alcove_1,
          okawaru_trees_1, mainiacjoe_overflow_brackets, grunt_ministairs_15
D:4:      cheibrodos_pilgrimage, layout_basic, general_overflow_altar,
          minmay_temple_entry_glassed_door, serial_shops, nicolae_square_shop,
          uniq_duvessa, uniq_natasha, uniq_sigmund, uniq_ijyb
Temple:   corrupted_temple

Skill      XL: |  1  2  3  4  5  6 |
---------------+-------------------+-----
Fighting       | 4 5 |  5.3
Armour         | 4 5 |  5.3
Shields        | 4 5 |  5.3
Maces & Flails | 3 4 5 |  5.2

Action                   |  1- 3 |  4- 6 || total
-------------------------+-------+-------++-------
Melee: Flail             |    88 |   113 ||   201
       Headbutt          |    14 |    21 ||    35
Throw: Stone             |       |     2 ||     2
Evoke: Wand              |       |     1 ||     1
  Use: Scroll            |       |     5 ||     5
       Potion            |       |     1 ||     1
Armor: Scale mail        |    33 |    52 ||    85
       Leather armour    |       |     1 ||     1
Dodge: Dodged            |    33 |    47 ||    80
Block: Buckler           |    19 |    22 ||    41
